 Dungeon Crawl Stone Soup version 0.31.0-9-g3a7656b989 (webtiles) character file.

Game seed: 11273643946986144136

113 qw the Skirmisher (level 4, -4/25 HPs)
             Began as a Deep Elf Hunter on Feb 2, 2024.
             Incinerated by a bombardier beetle (5 damage)
             ... with a burning spray
             ... on level 3 of the Dungeon.
             The game lasted 00:00:05 (1295 turns).

qw the Skirmisher (Deep Elf Hunter)                 Turns: 1295, Time: 00:00:06

Health: -4/25      AC:  5    Str: 10    XL:     4   Next: 65%
Magic:  6/6        EV: 11    Int: 14    God:
Gold:   81         SH:  0    Dex: 18    Spells: 3/3 levels left

rFire   . . .        a - +0 shortbow
rCold   + . .        (shield currently unavailable)
rNeg    . . .        d - +0 ring mail
rPois   .            (no helmet)
rElec   .            (no cloak)
rCorr   .            (no gloves)
SInv    .            (no boots)
Will    .....        (no amulet)
Stlth   +            j - ring of protection from cold
HPRegen 0.24/turn    (no ring)
MPRegen 0.10/turn

%: no passive effects
@: on fire, glowing
A: no striking features
a: no special abilities


You were on level 3 of the Dungeon.
You visited 1 branch of the dungeon, and saw 3 of its levels.

You collected 81 gold pieces.


   Skills:
 - Level 1.5 Fighting
 + Level 8.1 Ranged Weapons
 - Level 2.4 Dodging
 - Level 1.2 Stealth


You had 3 spell levels left.
You didn't know any spells.
Your spell library was empty.

Inventory:

Hand Weapons
 a - a +0 shortbow (weapon)
Armour
 b - a +1 pair of boots
 d - a +0 ring mail (worn)
Jewellery
 j - a ring of protection from cold (left hand)
Scrolls
 c - a scroll of teleportation
Potions
 e - a potion of haste
 f - a potion of curing
 i - a potion of heal wounds {unknown}
 l - a potion of might {unknown}

Dungeon Overview and Level Annotations

Branches:
Dungeon (3/15)

Altars:
Qazlal

Shops:
D:1 [


Message History

You kill the rat!
You shoot an arrow. The arrow hits the dart slug!
You kill the dart slug!
Found a stormy altar of Qazlal.
A ball python comes into view.
You shoot an arrow. The arrow hits the ball python!
You kill the ball python!
b - a +1 pair of boots
Enter note:
Enter note: You now have 81 gold pieces (gained 6).
A bombardier beetle comes into view.
You see here a ring of protection from fire.
Enter note: You shoot an arrow.
The arrow hits the bombardier beetle.
The bombardier beetle is moderately wounded.
You shoot an arrow.
The arrow barely misses the bombardier beetle.
You shoot an arrow. The arrow hits the bombardier beetle!
The bombardier beetle is almost dead.
The bombardier beetle sprays incendiary fluid at you.
The burning spray hits you.
You are covered in liquid fire!
You shoot an arrow. The arrow hits the bombardier beetle.
You kill the bombardier beetle!
The liquid fire burns you!
Your Ranged Weapons skill increases to level 8!
You are on fire!
The liquid fire burns you!
You are on fire!
The liquid fire burns you!
You are on fire!
The liquid fire burns you!
You are on fire!
The liquid fire burns you!
You are on fire!
The liquid fire burns you!
You are on fire!
The liquid fire burns you!
You die...

......................
...##.........#.###..
#...#.........#.# #..
#...#.........#.# #..
#...#.........#.# #..
##...#.........#.####.
#..............+......
#..............#.####.
#....@..##.#.###.####.
#.......##............
.................#......
#$#..#.........#.#......
# #..#.........#........
#. +......... ........
#. #......... ........
#......... ........
...#####


There were no monsters in sight!

Vanquished Creatures
  A bombardier beetle (D:3)
  4 gnolls (D:2)
  2 dart slugs
  6 ball pythons
  2 endoplasms (D:1)
  3 giant cockroaches (D:2)
  7 goblins
  2 hobgoblins (D:2)
  3 kobolds
  3 quokkas (D:1)
  3 bats
  2 frilled lizards (D:2)
  3 rats
41 creatures vanquished.

Notes
Turn   | Place    | Note
-------+----------+-------------------------------------------
     0 | D:1      | qw the Deep Elf Hunter began the quest for the Orb.
     0 | D:1      | Reached XP level 1. HP: 12/12 MP: 3/3
     0 | D:1      | 0 ||| qw: Version: 0.3-a-155-g5e7d8dd
     0 | D:1      | 0 ||| qw: Game counter: 1665
     0 | D:1      | 0 ||| qw: Melee chars always use a shield: true
     0 | D:1      | 0 ||| qw: God list: Okawaru
     0 | D:1      | 0 ||| qw: Allow faded altars: false
     0 | D:1      | 0 ||| qw: Do Orc after clearing Dungeon:15 true
     0 | D:1      | 0 ||| qw: Do second Lair branch before Depths: true
     0 | D:1      | 0 ||| qw: Lair rune preference: random
     0 | D:1      | 0 ||| qw: Goals: Normal
     0 | D:1      | 0 ||| PLANNING D:1-11
   109 | D:1      | Reached XP level 2. HP: 16/16 MP: 4/4
   113 | D:1      | Reached skill level 6 in Ranged Weapons
   195 | D:1      | Found Rivoosh's Antique Armour Boutique.
   212 | D:1      | 212 ||| SHOPLISTING helmet (112 gold, have 40).
   212 | D:1      | 212 ||| SHOPLISTING pair of gloves (112 gold, have 40).
   405 | D:1      | 405 ||| UPGRADING to +0 ring mail.
   415 | D:1      | 415 ||| DROPPING +0 leather armour.
   416 | D:1      | 416 ||| UPGRADING to ring of protection from cold.
   417 | D:1      | 417 ||| READING scroll labelled LULUDE CEGUL.
   418 | D:1      | 418 ||| READING scroll labelled TAF LAOTAUMN.
   419 | D:1      | 419 ||| READING scroll labelled TOATABL SEINEDD.
   422 | D:1      | 422 ||| READING scroll labelled NILIDGHEGIO.
   422 | D:1      | 422 ||| IDENTIFYING ruby potion
   423 | D:1      | 423 ||| DROPPING scroll of butterflies.
   424 | D:1      | 424 ||| DROPPING potion of ambrosia.
   573 | D:2      | Reached XP level 3. HP: 20/20 MP: 5/5
   648 | D:2      | Reached skill level 7 in Ranged Weapons
   650 | D:2      | 650 ||| FLEEEEING.
   651 | D:2      | 651 ||| FLEEEEING.
   652 | D:2      | 652 ||| FLEEEEING.
   653 | D:2      | 653 ||| FLEEEEING.
   654 | D:2      | 654 ||| FLEEEEING.
   655 | D:2      | 655 ||| FLEEEEING.
   757 | D:2      | Reached XP level 4. HP: 15/25 MP: 6/6
  1195 | D:2      | 1195 ||| READING 2 scrolls of identify.
  1195 | D:2      | 1195 ||| IDENTIFYING black potion
  1196 | D:2      | 1196 ||| READING scroll of identify.
  1196 | D:2      | 1196 ||| IDENTIFYING gluggy blue potion
  1197 | D:2      | 1197 ||| READING scroll labelled SUAHIT HUTIO.
  1220 | D:3      | Found a stormy altar of Qazlal.
  1290 | D:3      | Reached skill level 8 in Ranged Weapons
  1293 | D:3      | HP: 4/25 [burnt (5)]
  1294 | D:3      | HP: 1/25 [burnt (4)]
  1295 | D:3      | Incinerated by a bombardier beetle

Levels and vault maps discovered:
D:1:      amcnicky_arrival_gap_in_the_tavern_cellar, layout_rooms, serial_shops,
          shop
D:2:      layout_loops_ring, due_unseen_surprise
D:3:      layout_basic, overflow_temple_1_default

Skill      XL: |  1  2  3  4 |
---------------+-------------+-----
Ranged Weapons | 6 7 8 |  8.1
Fighting       | |  1.5
Dodging        | |  2.4
Stealth        | |  1.2

Action                     |  1- 3 |  4- 6 || total
---------------------------+-------+-------++-------
   Fire: Shortbow          |    86 |    20 ||   106
    Use: Scroll            |     4 |     3 ||     7
 Armour: Ring mail         |    14 |     8 ||    22
  Dodge: Dodged            |    17 |     3 ||    20

Table legend:
 A = Non-vault XP
 B = Vault XP
 C = Vault XP percentage of total XP
 D = Non-vault monster count
 E = Vault monster count
 F = Vault count percentage of total count
                 A         B        C        D         E       F
            +---------+---------+-------+---------+---------+-------
      Total |     162 |       0 |   0.0 |      41 |       0 |   0.0
            +---------+---------+-------+---------+---------+-------
        D:1 |      34 |       0 |   0.0 |      19 |       0 |   0.0
        D:2 |      79 |       0 |   0.0 |      18 |       0 |   0.0
        D:3 |      49 |       0 |   0.0 |       4 |       0 |   0.0
            +---------+---------+-------+---------+---------+-------
